cohdb
Replays
Latest Replays
All Replays
Popular Replays
Top Player Replays
Match Explorer
How It Works
Community
CoH3 Stats
Reddit
Sign in to upload your games and track your stats! →
Sign in with Steam
Match 42902447
Unlisted
Match 42902447
Overview
Messages
Build Orders
End
Engineer Squad
Construct Barracks
Selects Armored Battlegroup
Selects Assault Engineers
Assault Engineer Squad
Assault Engineer Squad
Assault Engineer Squad
Assault Engineer Squad
M1 Mortar Team
Assault Engineer Squad
Construct Medical Station
Selects Strength in Steel
Mechanized Support Center
Construct Motor Pool
Selects M8 Scott SPG
M8 Scott SPG
Assault Engineer Squad
Assault Engineer Squad
Selects UNKNOWN (2160077)
Selects M31 Recovery Vehicle
Construct Tank Depot
M1 Anti-tank Gun Team
Construct Weapon Support Center
M3 Armored Personnel Carrier
M1919 Machine Gun Team
CC丶风菜菜
Ozrealix
PenikmatKopi
zcsy
Dark
BAOZI6013
北风
EjderKhan
0
0
Comments
sign in to comment!
No comments posted yet!